SKY
CINCINNATI REDS @ MONTREAL EXPOS
10/14/2052
 
TOP OF THE 1ST
Cincinnati Reds batting - Pitching for Montreal Expos : LHP Jimmy Moore
Pitching: LHP Jimmy Moore
Batting: RHB José Maria Andres 0-0: Ball
1-0: Foul Ball, location: 7LMFF
1-1: Ball
2-1: Foul Ball, location: 25FF
2-2: SINGLE (Flyball, 5D, EV 85.6 MPH)
Batting: LHB Mike Chappelle 0-0: Called Strike
0-1: Foul Ball, location: 2F
0-2: Strikes out swinging
Batting: SHB D.J. Boucher 0-0: Called Strike
0-1: Swinging Strike
0-2: Foul Ball, location: 23F
0-2: Ball
1-2: Ball
Wild Pitch!
José Maria Andres to second
2-2: Ball
3-2: Strikes out looking
Batting: LHB Glen Kirkendall 0-0: Called Strike
0-1: Swinging Strike
0-2: Ball
1-2: Foul Ball, location: 23F
1-2: Ground out 4-3 (Groundball, 34D, EV 103.1 MPH)
Top of the 1st over - 0 runs, 1 hit, 0 errors, 1 left on base; Cincinnati 0 - Montreal 0
BOTTOM OF THE 1ST
Montreal Expos batting - Pitching for Cincinnati Reds : RHP Alex Cordell
Pitching: RHP Alex Cordell
Batting: LHB Jimmy Miramontes 0-0: Ball
1-0: Ball
2-0: Called Strike
2-1: Ball
3-1: Base on Balls
Batting: RHB Brian Ottman 0-0: Ball
1-0: Ball
2-0: Called Strike
2-1: Called Strike
2-2: Ball
3-2: Strikes out swinging
Jimmy Miramontes is caught stealing 2nd base 2-4
Batter strikes out.
Batting: LHB Valentin Suárez 0-0: Called Strike
0-1: Called Strike
0-2: Foul Ball, location: 7LMF
0-2: Fly out, F5 (Line Drive, 5L, EV 65.6 MPH)
Bottom of the 1st over - 0 runs, 0 hits, 0 errors, 0 left on base; Cincinnati 0 - Montreal 0
TOP OF THE 2ND
Cincinnati Reds batting - Pitching for Montreal Expos : LHP Jimmy Moore
Batting: RHB Pierre Johnson 0-0: Ball
1-0: Called Strike
1-1: Ball
2-1: Ground out 4-3 (Groundball, 34D, EV 98.1 MPH)
Batting: LHB Jude Queen 0-0: Ball
1-0: SOLO HOME RUN (Flyball, 7D, EV 97.5 MPH), Distance : 396 ft
Batting: RHB Ethan Hicks 0-0: Called Strike
0-1: Swinging Strike
0-2: Ball
1-2: Ground out 1-3 (Groundball, 13S, EV 68.1 MPH)
Batting: RHB Coty Cavett 0-0: Ball
1-0: Ball
2-0: Ground out 5-3 (Groundball, 56S, EV 80.6 MPH)
Top of the 2nd over - 1 run, 1 hit, 0 errors, 0 left on base; Cincinnati 1 - Montreal 0
BOTTOM OF THE 2ND
Montreal Expos batting - Pitching for Cincinnati Reds : RHP Alex Cordell
Batting: RHB Ricky Sytsma 0-0: Ball
1-0: SINGLE (Groundball, 4MD, EV 98.8 MPH)
Batting: LHB Maverik Tullos 0-0: Swinging Strike
0-1: Ball
1-1: Swinging Strike
1-2: Strikes out looking
Batting: LHB Shaun Lane 0-0: Ball
1-0: Ball
2-0: TRIPLE (Line Drive, 78XD, EV 106.3 MPH)
Ricky Sytsma scores
Batting: LHB Hugo Texido 0-0: Called Strike
0-1: Ball
1-1: Ball
2-1: Swinging Strike
2-2: Foul Ball, location: 25FF
2-2: Ground out 4-3 (Groundball, 34, EV 76.3 MPH)
Shaun Lane scores
Batting: RHB Owen Dyche 0-0: Called Strike
0-1: Ball
1-1: Foul Ball, location: 2F
1-2: Ball
2-2: Strikes out swinging
Bottom of the 2nd over - 2 runs, 2 hits, 0 errors, 0 left on base; Cincinnati 1 - Montreal 2
TOP OF THE 3RD
Cincinnati Reds batting - Pitching for Montreal Expos : LHP Jimmy Moore
Batting: LHB Lloyd Crosier 0-0: Ball
1-0: Ball
2-0: Fly out, F6 (Line Drive, 56D, EV 66.9 MPH)
Batting: RHB José Maria Andres 0-0: Ball
1-0: Foul Ball, location: 9LDF
1-1: TRIPLE (Flyball, 78XD, EV 106.9 MPH)
Batting: LHB Mike Chappelle 0-0: Called Strike
0-1: Ball
1-1: Ball
2-1: Foul Ball, location: 5F
2-2: SINGLE (Groundball, 6MD, EV 99.4 MPH)
José Maria Andres scores
Batting: SHB D.J. Boucher 0-0: Fly out, F9 (Flyball, 9, EV 92.5 MPH)
Batting: LHB Glen Kirkendall 0-0: Ball
1-0: Foul Ball, location: 5FF
1-1: Ball
2-1: Fielders Choice at 2nd, 6-4 (Groundball, 56, EV 83.1 MPH)
Top of the 3rd over - 1 run, 2 hits, 0 errors, 1 left on base; Cincinnati 2 - Montreal 2
BOTTOM OF THE 3RD
Montreal Expos batting - Pitching for Cincinnati Reds : RHP Alex Cordell
Batting: RHB Nicholas Jang 0-0: Bunt for hit to 2L - play at first, batter OUT! 2-3
Batting: LHB Jimmy Miramontes 0-0: Called Strike
0-1: Called Strike
0-2: Foul Ball, location: 2F
0-2: Ball
1-2: Ball
2-2: SINGLE (Groundball, 56S, EV 70.6 MPH) (infield hit)
Batting: RHB Brian Ottman 0-0: Ball
1-0: Grounds into double play, 6-4-3 (Groundball, 6, EV 78.1 MPH)
Bottom of the 3rd over - 0 runs, 1 hit, 0 errors, 0 left on base; Cincinnati 2 - Montreal 2
TOP OF THE 4TH
Cincinnati Reds batting - Pitching for Montreal Expos : LHP Jimmy Moore
Batting: RHB Pierre Johnson 0-0: Ball
1-0: Ground out 6-3 (Groundball, 6, EV 107.5 MPH)
Batting: LHB Jude Queen 0-0: Foul Ball, location: 2F
0-1: SINGLE (Line Drive, 3D, EV 98.8 MPH)
Batting: RHB Ethan Hicks 0-0: Called Strike
0-1: Swinging Strike
0-2: Ball
1-2: Strikes out swinging
Batting: RHB Coty Cavett 0-0: Ball
1-0: Swinging Strike
1-1: Ball
2-1: Called Strike
2-2: Strikes out swinging
Top of the 4th over - 0 runs, 1 hit, 0 errors, 1 left on base; Cincinnati 2 - Montreal 2
BOTTOM OF THE 4TH
Montreal Expos batting - Pitching for Cincinnati Reds : RHP Alex Cordell
Batting: LHB Valentin Suárez 0-0: Called Strike
0-1: Foul Ball, location: 2F
0-2: Fly out, F7 (Flyball, 7S, EV 94.4 MPH)
Batting: RHB Ricky Sytsma 0-0: Ball
1-0: Foul Ball, location: 9LSF
1-1: Foul Ball, location: 9LSF
1-2: Ball
2-2: Foul Ball, location: 2F
2-2: Foul Ball, location: 9LMF
2-2: Strikes out swinging
Batting: LHB Maverik Tullos 0-0: Ball
1-0: Ball
2-0: Foul Ball, location: 23FF
2-1: Ball
3-1: Called Strike
3-2: Ground out U3 (Groundball, 3L, EV 100.6 MPH)
Bottom of the 4th over - 0 runs, 0 hits, 0 errors, 0 left on base; Cincinnati 2 - Montreal 2
TOP OF THE 5TH
Cincinnati Reds batting - Pitching for Montreal Expos : LHP Jimmy Moore
Batting: LHB Lloyd Crosier 0-0: Ball
1-0: Swinging Strike
1-1: Ground out U3 (Groundball, 3, EV 103.8 MPH)
Batting: RHB José Maria Andres 0-0: Foul Ball, location: 25F
0-1: Called Strike
0-2: Strikes out swinging
Batting: LHB Mike Chappelle 0-0: Ball
1-0: Called Strike
1-1: Foul Ball, location: 9LDF
1-2: DOUBLE (Line Drive, 89D, EV 105.0 MPH)
Batting: SHB D.J. Boucher 0-0: Ball
1-0: Swinging Strike
1-1: Swinging Strike
1-2: Ball
2-2: Ball
3-2: DOUBLE (Flyball, 8RXD, EV 108.1 MPH)
Mike Chappelle scores
Batting: LHB Glen Kirkendall 0-0: Ball
1-0: TRIPLE (Flyball, 7LD, EV 98.8 MPH)
D.J. Boucher scores
Pitching: RHP Justin Adkins
Batting: RHB Pierre Johnson 0-0: Called Strike
0-1: Foul Ball, location: 23FF
0-2: Foul Ball, location: 5F
0-2: Foul Ball, location: 2F
0-2: Ball
Wild Pitch!
Glen Kirkendall scores
1-2: Foul Ball, location: 2F
1-2: Ground out 5-3 (Groundball, 56, EV 93.1 MPH)
Top of the 5th over - 3 runs, 3 hits, 0 errors, 0 left on base; Cincinnati 5 - Montreal 2
BOTTOM OF THE 5TH
Montreal Expos batting - Pitching for Cincinnati Reds : RHP Alex Cordell
Batting: LHB Shaun Lane 0-0: Swinging Strike
0-1: Ball
1-1: Ball
2-1: Ball
3-1: Ground out U3 (Groundball, 3L, EV 68.1 MPH)
Batting: LHB Hugo Texido 0-0: Ball
1-0: Ball
2-0: Foul Ball, location: 7LMF
2-1: Ground out 6-3 (Groundball, 6M, EV 98.8 MPH)
Batting: RHB Owen Dyche 0-0: Ball
1-0: Foul Ball, location: 2F
1-1: Ball
2-1: Ball
3-1: Fly out, F9 (Flyball, 89M, EV 86.3 MPH)
Bottom of the 5th over - 0 runs, 0 hits, 0 errors, 0 left on base; Cincinnati 5 - Montreal 2
TOP OF THE 6TH
Cincinnati Reds batting - Pitching for Montreal Expos : RHP Justin Adkins
Batting: LHB Jude Queen 0-0: Called Strike
0-1: Foul Ball, location: 5SF
0-2: Ball
1-2: Hit by Pitch
Batting: RHB Ethan Hicks 0-0: Hit by Pitch
Jude Queen to second
Batting: RHB Coty Cavett 0-0: Ball
1-0: Swinging Strike
1-1: Ball
2-1: Swinging Strike
2-2: Foul Ball, location: 2F
2-2: Ball
3-2: Base on Balls
Jude Queen to third
Ethan Hicks to second
Batting: LHB Lloyd Crosier 0-0: Foul Ball, location: 7LSF
0-1: Ball
1-1: Ball
2-1: Grounds into double play, 6-2-3 (Groundball, 6MS, EV 82.5 MPH)
Ethan Hicks to third
Coty Cavett to second
Pitching: RHP Rob Foyil
Batting: RHB José Maria Andres 0-0: Called Strike
0-1: Foul Ball, location: 9LDF
0-2: Foul Ball, location: 2F
0-2: Strikes out swinging
Top of the 6th over - 0 runs, 0 hits, 0 errors, 2 left on base; Cincinnati 5 - Montreal 2
BOTTOM OF THE 6TH
Montreal Expos batting - Pitching for Cincinnati Reds : RHP Alex Cordell
Batting: RHB Nicholas Jang 0-0: Ball
1-0: Ball
2-0: Called Strike
2-1: Ground out 6-3 (Groundball, 6, EV 101.3 MPH)
Batting: LHB Jimmy Miramontes 0-0: SOLO HOME RUN (Flyball, 9LD, EV 95.0 MPH), Distance : 346 ft
Batting: RHB Brian Ottman 0-0: Ball
1-0: Ground out 6-3 (Groundball, 6, EV 105.6 MPH)
Batting: LHB Valentin Suárez 0-0: Foul Ball, location: 2F
0-1: Foul Ball, location: 2F
0-2: Ball
1-2: Ball
2-2: Strikes out looking
Bottom of the 6th over - 1 run, 1 hit, 0 errors, 0 left on base; Cincinnati 5 - Montreal 3
TOP OF THE 7TH
Cincinnati Reds batting - Pitching for Montreal Expos : RHP Rob Foyil
Batting: LHB Mike Chappelle 0-0: Called Strike
0-1: Ball
1-1: Foul Ball, location: 25F
1-2: Ball
2-2: Ground out 4-3 (Groundball, 4, EV 87.5 MPH)
Batting: SHB D.J. Boucher 0-0: SOLO HOME RUN (Flyball, 8RXD, EV 111.9 MPH), Distance : 447 ft
Batting: LHB Glen Kirkendall 0-0: Called Strike
0-1: Foul Ball, location: 23FF
0-2: Ball
1-2: SOLO HOME RUN (Flyball, 7D, EV 101.9 MPH), Distance : 396 ft
Batting: RHB Pierre Johnson 0-0: Called Strike
0-1: Ground out 6-3 (Groundball, 6, EV 108.8 MPH)
DELAY Rain delay of 58 minutes in the 7th inning.
Batting: LHB Jude Queen 0-0: Ground out 6-3 (Groundball, 6, EV 100.6 MPH)
Top of the 7th over - 2 runs, 2 hits, 0 errors, 0 left on base; Cincinnati 7 - Montreal 3
BOTTOM OF THE 7TH
Montreal Expos batting - Pitching for Cincinnati Reds : RHP Alex Cordell
Pitching: LHP Briggs Bolin
Batting: RHB Ricky Sytsma 0-0: Foul Ball, location: 9LMF
0-1: Ball
1-1: Called Strike
1-2: Ball
2-2: Ball
3-2: Foul Ball, location: 23FF
3-2: Base on Balls
Batting: LHB Maverik Tullos 0-0: Ball
1-0: 2-RUN HOME RUN (Flyball, 7LD, EV 92.5 MPH), Distance : 359 ft
Pinch Hitting: RHB Ayden Wilmers 0-0: Fly out, F4 (Line Drive, 4, EV 62.5 MPH)
Pinch Hitting: LHB Abdul Williams 0-0: Called Strike
0-1: Ball
1-1: Swinging Strike
1-2: Foul Ball, location: 2F
1-2: Foul Ball, location: 2F
1-2: SINGLE (Line Drive, 89S, EV 90.6 MPH)
Batting: RHB Owen Dyche 0-0: Ball
1-0: Called Strike
1-1: Called Strike
1-2: Strikes out looking
Batting: RHB Nicholas Jang 0-0: Ball
1-0: Swinging Strike
1-1: Swinging Strike
1-2: Ball
2-2: Strikes out swinging, 2-3 out at first.
Bottom of the 7th over - 2 runs, 2 hits, 0 errors, 1 left on base; Cincinnati 7 - Montreal 5
TOP OF THE 8TH
Cincinnati Reds batting - Pitching for Montreal Expos : RHP Rob Foyil
Now in CF: Ayden Wilmers
Now in RF: Abdul Williams
Batting: RHB Ethan Hicks 0-0: Ball
1-0: Ball
2-0: Ball
3-0: Called Strike
3-1: Ground out 6-3 (Groundball, 6, EV 84.4 MPH)
Batting: RHB Coty Cavett 0-0: Fly out, F9 (Line Drive, 9, EV 93.8 MPH)
Batting: LHB Lloyd Crosier 0-0: Ground out 6-3 (Groundball, 6, EV 88.1 MPH)
Top of the 8th over - 0 runs, 0 hits, 0 errors, 0 left on base; Cincinnati 7 - Montreal 5
BOTTOM OF THE 8TH
Montreal Expos batting - Pitching for Cincinnati Reds : LHP Briggs Bolin
Batting: LHB Jimmy Miramontes 0-0: Called Strike
0-1: Swinging Strike
0-2: Strikes out swinging
Batting: RHB Brian Ottman 0-0: Called Strike
0-1: Ball
1-1: Swinging Strike
1-2: Ball
2-2: Foul Ball, location: 2F
2-2: Ball
3-2: Foul Ball, location: 25FF
3-2: SINGLE (Groundball, 4MD, EV 101.9 MPH)
Batting: LHB Valentin Suárez 0-0: SINGLE (Flyball, 34D, EV 76.9 MPH)
Brian Ottman to second
Pitching: RHP Max Rea
Batting: RHB Ricky Sytsma 0-0: Called Strike
0-1: Foul Ball, location: 2F
0-2: DOUBLE (Flyball, 8RXD, EV 106.3 MPH)
Brian Ottman scores
Valentin Suárez to third
Batting: LHB Maverik Tullos 0-0: Called Strike
0-1: Ball
1-1: Swinging Strike
1-2: Strikes out swinging
Pinch Hitting: SHB Jonah Pérez 0-0: Called Strike
0-1: Ground out 6-3 (Groundball, 6S, EV 71.3 MPH)
Bottom of the 8th over - 1 run, 3 hits, 0 errors, 2 left on base; Cincinnati 7 - Montreal 6
TOP OF THE 9TH
Cincinnati Reds batting - Pitching for Montreal Expos : RHP Rob Foyil
Now in CF: Jin-Seo Yun
Pinch Hitting: LHB Vinicius Ressureio 0-0: Ball
1-0: Foul Ball, location: 7LDF
1-1: Ball
2-1: Ball
3-1: Fly out, F9 (Line Drive, 9D, EV 88.1 MPH)
Pitching: LHP Chris Romano
Batting: LHB Mike Chappelle 0-0: DOUBLE (Flyball, 78D, EV 105.6 MPH)
Batting: SHB D.J. Boucher 0-0: Intentional Walk
Batting: LHB Glen Kirkendall 0-0: Swinging Strike
0-1: Called Strike
0-2: Strikes out looking
Batting: RHB Pierre Johnson 0-0: Called Strike
0-1: Fly out, F4 (Flyball, 4MD, EV 85.6 MPH)
Top of the 9th over - 0 runs, 1 hit, 0 errors, 2 left on base; Cincinnati 7 - Montreal 6
BOTTOM OF THE 9TH
Montreal Expos batting - Pitching for Cincinnati Reds : RHP Max Rea
Pitching: RHP Andrés Velasco
Now in RF: Austin Pula
Batting: LHB Abdul Williams 0-0: Called Strike
0-1: Called Strike
0-2: Strikes out swinging
Batting: RHB Owen Dyche 0-0: Ball
1-0: Fly out, F7 (Flyball, 78M, EV 86.3 MPH)
Batting: RHB Nicholas Jang 0-0: Ball
1-0: Called Strike
1-1: Ball
2-1: Called Strike
2-2: Fly out, F7 (Flyball, 7, EV 89.4 MPH)
Bottom of the 9th over - 0 runs, 0 hits, 0 errors, 0 left on base; Cincinnati 7 - Montreal 6
Saturday, May 11th , 2024 - OOTP Baseball 24.11 Build 85